[Event "Titled Tuesday Blitz May 16 Early 2023"]
[White "KSho99"]
[Black "Mogirzan, Matei-Valeriu"]
[BlackFideId "1257455"]
[WhiteElo "2141"]
[BlackElo "1733"]
[Result "1-0"]
[Round "03"]
[TimeControl "180+2"]
[Date "2023.05.16"]
[WhiteClock "0:00:16"]
[BlackClock "0:00:59"]

1. Nf3 Nc6 2. d4 Nf6 3. d5 Nb8 4. c4 d6 5. Nc3 g6 6. e4 Bg7 7. Be3 Bg4 8. Be2 Bxf3 9. Bxf3 O-O 10. h4 Nfd7 11. h5 e5 12. Qd2 f5 13. hxg6 f4 14. Bg4 h6 15. Be6+ Kh8 16. O-O-O Qg5 17. Nb5 fxe3 18. fxe3 Na6 19. Bxd7 Qxg6 20. Bf5 Qg5 21. g4 Rad8 22. Rh5 Qe7 23. g5 c6 24. Nc3 cxd5 25. Nxd5 Qf7 26. Rdh1 Rc8 27. Bxc8 Rxc8 28. b3 b5 29. gxh6 Bf8 30. Rf5 Qg6 31. Qf2 Bxh6 32. Rf6 1-0


[Site "https://www.chess.com"]

[Event "Titled Tuesday Blitz May 16 Early 2023"]
[White "Mohammed, Zozek Salah Mohammed"]
[Black "Lakshmi C"]
[WhiteFideId "4803361"]
[BlackFideId "25035347"]
[WhiteElo "2211"]
[BlackElo "1942"]
[Result "1-0"]
[Round "03"]
[TimeControl "180+2"]
[Date "2023.05.16"]
[WhiteClock "0:01:31"]
[BlackClock "0:00:00"]

1. d4 Nf6 2. c4 e6 3. Nf3 d5 4. g3 Bd6 5. Bg2 b6 6. cxd5 exd5 7. O-O O-O 8. Nc3 c6 9. Bg5 Re8 10. Rc1 Ba6 11. Re1 h6 12. Bxf6 Qxf6 13. e4 dxe4 14. Nxe4 Qd8 15. Ne5 Bb7 16. Qf3 Bxe5 17. dxe5 Rxe5 18. Rcd1 Qe7 19. Qd3 Na6 20. Qd7 Qxd7 21. Rxd7 Bc8 22. Rd8+ Kh7 23. f4 Ra5 24. Nd6 Bb7 25. Nxb7 Rxd8 26. Nxd8 Rxa2 27. Nxf7 Rxb2 28. Re8 Kg6 29. Ne5+ Kf6 30. Bh3 Nc5 31. Rf8+ Ke7 32. Rf7+ Kd6 33. Nc4+ 1-0


[Site "https://www.chess.com"]

[Event "Titled Tuesday Blitz May 16 Early 2023"]
[White "ritanovikova"]
[Black "Goncalves, Davi Sulzbacher"]
[BlackFideId "2154510"]
[WhiteElo "2112"]
[BlackElo "2182"]
[Result "0-1"]
[Round "03"]
[TimeControl "180+2"]
[Date "2023.05.16"]
[WhiteClock "0:02:16"]
[BlackClock "0:01:54"]

1. e4 c6 2. d4 d5 3. Nd2 dxe4 4. Nxe4 Nd7 5. Nf3 Ngf6 6. Qe2 Nxe4 7. Qxe4 Nf6 8. Qh4 Bg4 9. Be2 e6 10. Bg5 Bxf3 11. Bxf3 Be7 12. O-O-O Nd5 13. Bxe7 Qxe7 14. Bxd5 Qxh4 0-1


[Site "https://www.chess.com"]

[Event "Titled Tuesday Blitz May 16 Early 2023"]
[White "Sailer, Mike"]
[Black "Goswami, Vedant"]
[WhiteFideId "2012901"]
[BlackFideId "5003725"]
[WhiteElo "2109"]
[BlackElo "2011"]
[Result "0-1"]
[Round "03"]
[TimeControl "180+2"]
[Date "2023.05.16"]
[WhiteClock "0:00:00"]
[BlackClock "0:00:06"]

1. d4 g6 2. Bg5 d6 3. Nc3 Bg7 4. Qd2 h6 5. Bf4 Nc6 6. Nf3 Bg4 7. d5 Bxf3 8. exf3 Ne5 9. Bxe5 Bxe5 10. Bb5+ Kf8 11. O-O Nf6 12. f4 Bxc3 13. Qxc3 a6 14. Bc4 Qd7 15. Rae1 h5 16. Qe3 h4 17. h3 Rh5 18. Qf3 Rf5 19. Bd3 Rxd5 20. f5 Kg7 21. fxg6 fxg6 22. Qf4 Rh8 23. Re2 g5 24. Qf3 Rf8 25. Rfe1 e5 26. Bf5 Qe7 27. Qe3 Kh6 28. g3 hxg3 29. fxg3 Nh5 30. Bg4 Rd4 31. c3 Ra4 32. b3 Ra5 33. a4 Qf6 34. Qe4 Rc5 35. Qd3 d5 36. Rg2 e4 37. Qe2 Rxc3 38. Kh2 Ng7 39. Reg1 Qe5 40. h4 gxh4 41. Qd2+ Kh7 0-1


[Site "https://www.chess.com"]

[Event "Titled Tuesday Blitz May 16 Early 2023"]
[White "Chabris, Christopher"]
[Black "Suduvasachmatai"]
[WhiteFideId "2005263"]
[WhiteElo "2364"]
[BlackElo "2102"]
[Result "1-0"]
[Round "03"]
[TimeControl "180+2"]
[Date "2023.05.16"]
[WhiteClock "0:00:36"]
[BlackClock "0:01:32"]

1. e4 c5 2. Nf3 d6 3. Bb5+ Bd7 4. Bxd7+ Qxd7 5. O-O Nc6 6. Qe2 Nf6 7. c3 e6 8. d4 cxd4 9. cxd4 Be7 10. Nc3 O-O 11. Rd1 Rfe8 12. e5 Nd5 13. Ne4 dxe5 14. dxe5 Qc7 15. Ng3 Rad8 16. Bd2 f6 17. Rac1 Qb6 18. exf6 Bxf6 19. b3 e5 20. Bg5 Nd4 21. Nxd4 Bxg5 22. Qg4 Bxc1 23. Ndf5 Bd2 24. Qxg7# 1-0


[Site "https://www.chess.com"]

[Event "Titled Tuesday Blitz May 16 Early 2023"]
[White "Necula, Iulian"]
[Black "Ramirez Vido, Robert Yorisan"]
[WhiteFideId "1232380"]
[BlackFideId "3513823"]
[WhiteElo "1790"]
[BlackElo "2363"]
[Result "0-1"]
[Round "03"]
[TimeControl "180+2"]
[Date "2023.05.16"]
[WhiteClock "0:00:00"]
[BlackClock "0:00:14"]

1. d4 g6 2. Nc3 Nf6 3. e4 d6 4. Bg5 Bg7 5. Qd2 c6 6. f4 O-O 7. h4 d5 8. e5 Ne4 9. Nxe4 dxe4 10. h5 f6 11. h6 fxg5 12. hxg7 Rxf4 13. Bc4+ Kxg7 14. O-O-O Bg4 15. Re1 b5 16. Bb3 a5 17. c3 b4 18. cxb4 axb4 19. Qxb4 e3 20. Qc4 Nd7 21. Ne2 Nb6 22. Qxc6 Rc8 23. Qxc8 Qxc8+ 24. Kb1 Bf5+ 25. Ka1 Rf2 26. Nc3 Rxg2 27. Rxe3 Nc4 28. Ree1 Nxb2 29. Nd5 Nd3 30. Reg1 Rxg1+ 31. Rxg1 Be4 32. Rd1 Bxd5 33. Rxd3 Bxb3 34. Rxb3 Qc1+ 35. Rb1 Qc3+ 36. Rb2 Qxd4 37. a3 g4 38. Ka2 Qxb2+ 39. Kxb2 g3 40. a4 g2 41. a5 g1=Q 0-1


[Site "https://www.chess.com"]

[Event "Titled Tuesday Blitz May 16 Early 2023"]
[White "Srebrnic, Ana"]
[Black "Koutsin, Sergey"]
[WhiteFideId "14603314"]
[BlackFideId "14101483"]
[WhiteElo "2181"]
[BlackElo "2381"]
[Result "0-1"]
[Round "03"]
[TimeControl "180+2"]
[Date "2023.05.16"]
[WhiteClock "0:00:52"]
[BlackClock "0:02:04"]

1. e4 e6 2. d4 d5 3. Nd2 c5 4. exd5 exd5 5. Bb5+ Nc6 6. Ngf3 Bd6 7. dxc5 Bxc5 8. O-O Ne7 9. Ne5 O-O 10. Bxc6 bxc6 11. Nb3 Bd6 12. Re1 Qc7 13. Nf3 Bg4 14. Be3 Bxh2+ 15. Kh1 Bd6 16. Nbd4 Ng6 17. c4 Bb4 18. Re2 dxc4 19. Qa4 c5 20. a3 cxd4 21. Bxd4 Bd6 22. Rc1 Qb7 23. Rxc4 Bxf3 24. gxf3 Qxf3+ 0-1


[Site "https://www.chess.com"]

[Event "Titled Tuesday Blitz May 16 Early 2023"]
[White "Flis, Pawel"]
[Black "littlepillow2010"]
[WhiteFideId "1112864"]
[WhiteElo "1822"]
[BlackElo "2362"]
[Result "1-0"]
[Round "03"]
[TimeControl "180+2"]
[Date "2023.05.16"]
[WhiteClock "0:00:14"]
[BlackClock "0:00:00"]

1. e4 c5 2. Nf3 d6 3. d4 cxd4 4. Nxd4 Nf6 5. Nc3 a6 6. Bg5 Nbd7 7. f4 Qc7 8. Qf3 b5 9. O-O-O Bb7 10. Bd3 g6 11. Nd5 Nxd5 12. exd5 Nb6 13. Nc6 Nxd5 14. Qxd5 Bxc6 15. Qd4 Rg8 16. Rhe1 O-O-O 17. a4 h6 18. Bh4 g5 19. fxg5 hxg5 20. Bf2 Kb8 21. axb5 axb5 22. Qb4 Qb7 23. g3 Bg7 24. c3 Be5 25. Kc2 Kc7 26. Qa5+ Kd7 27. Ra1 Ra8 28. Qb4 Rgb8 29. Qg4+ e6 30. Qxg5 Rg8 31. Qh5 Ke7 32. Be3 Rxa1 33. Rxa1 Ra8 34. Bg5+ Ke8 35. Rxa8+ Qxa8 36. Bf4 Bxf4 37. gxf4 Ke7 38. Qg5+ Kd7 39. Qf6 Qe8 40. f5 Qe7 41. Qd4 e5 42. Qa7+ Kd8 43. Qb8+ Kd7 44. Bxb5 Bxb5 45. Qxb5+ Kc7 46. Qc4+ Kb6 47. Qd5 e4 48. Qd4+ Kc6 49. f6 Qe6 50. Qa4+ Kb6 51. Qb4+ Kc6 52. Qa4+ Kb6 53. Qd4+ Kc6 54. h4 e3 55. Qa4+ Kb6 56. Kd1 Qd5+ 57. Ke2 1-0


[Site "https://www.chess.com"]

[Event "Titled Tuesday Blitz May 16 Early 2023"]
[White "Hartikainen, Jarmo"]
[Black "Topalov, Aleksandar"]
[WhiteFideId "503134"]
[BlackFideId "925659"]
[WhiteElo "2090"]
[BlackElo "2151"]
[Result "0-1"]
[Round "03"]
[TimeControl "180+2"]
[Date "2023.05.16"]
[WhiteClock "0:00:00"]
[BlackClock "0:00:43"]

1. e4 e6 2. d4 d5 3. Nc3 Bb4 4. e5 Qd7 5. a3 Bxc3+ 6. bxc3 b6 7. Qg4 f5 8. Qh5+ Qf7 9. Bb5+ c6 10. Qxf7+ Kxf7 11. Bd3 Ba6 12. Ne2 Bc4 13. a4 Ne7 14. Ba3 Nd7 15. O-O Rhc8 16. Bxc4 dxc4 17. Bxe7 Kxe7 18. f4 c5 19. Rfd1 cxd4 20. cxd4 Rd8 21. Nc3 a6 22. Rab1 Rab8 23. d5 Nc5 24. dxe6 Nxe6 25. Nd5+ Kf7 26. g3 b5 27. axb5 axb5 28. Kf2 Nc5 29. Ke2 Ne4 30. Ke3 g6 31. Rd4 Nc5 32. Rb4 Ne6 33. Rd1 Rd7 34. Nc3 Rxd1 35. Nxd1 Nc7 36. Nc3 Ke6 37. Kd4 Rd8+ 38. Kc5 Na6+ 39. Kxb5 Nxb4 40. Kxb4 Rd2 41. Kxc4 Rxc2 42. Kd4 Rxh2 43. Ke3 Rg2 44. Kf3 Rb2 45. Ne2 Rb3+ 46. Kf2 Kd5 47. Kg2 Ke4 48. e6 Rb6 0-1


[Site "https://www.chess.com"]

[Event "Titled Tuesday Blitz May 16 Early 2023"]
[White "Yanayt, Eugene"]
[Black "Vargas Rodriguez, Wilver"]
[WhiteFideId "2020165"]
[BlackFideId "3509672"]
[WhiteElo "2083"]
[BlackElo "2246"]
[Result "1-0"]
[Round "03"]
[TimeControl "180+2"]
[Date "2023.05.16"]
[WhiteClock "0:00:38"]
[BlackClock "0:00:00"]

1. Nf3 d5 2. d4 Bf5 3. c4 c6 4. Qb3 Qb6 5. Nc3 e6 6. h3 Nf6 7. g4 Bg6 8. Bg2 Be7 9. Ne5 Nbd7 10. Nxg6 hxg6 11. Qc2 Qxd4 12. cxd5 cxd5 13. Be3 Qe5 14. Nb5 Bb4+ 15. Kf1 O-O 16. Qa4 Qxb2 17. Rd1 Nb6 18. Qb3 Qxb3 19. axb3 Nfd7 20. h4 Bc5 21. Bc1 Nf6 22. h5 Nxg4 23. e3 gxh5 24. Rxh5 Be7 25. Bf3 Nf6 26. Rh3 Ne4 27. Bb2 Ng5 28. Rg3 f6 29. Bg4 Kf7 30. f4 Ne4 31. Bh5+ Kg8 32. Rg2 Rac8 33. Kg1 a6 34. Nd4 e5 35. Nf5 1-0


[Site "https://www.chess.com"]

[Event "Titled Tuesday Blitz May 16 Early 2023"]
[White "Weber, Samuel"]
[Black "Torres Dominguez, David"]
[WhiteFideId "12924008"]
[BlackFideId "2220857"]
[WhiteElo "2162"]
[BlackElo "1999"]
[Result "0-1"]
[Round "03"]
[TimeControl "180+2"]
[Date "2023.05.16"]
[WhiteClock "0:01:19"]
[BlackClock "0:00:48"]

1. b3 Nf6 2. Bb2 g6 3. c4 Bg7 4. e3 O-O 5. Nf3 d6 6. Be2 a5 7. a3 Nc6 8. O-O e5 9. d4 Re8 10. Nc3 Bf5 11. d5 Nb8 12. b4 axb4 13. axb4 Rxa1 14. Qxa1 Na6 15. Qa3 Bg4 16. e4 Nh5 17. Nd2 Qd7 18. f3 Bh3 19. gxh3 Qxh3 20. Rf2 Bh6 21. Bf1 Qh4 22. Nd1 f5 23. exf5 gxf5 24. Qd3 Kh8 25. Qxf5 Rg8+ 26. Kh1 Ng3+ 27. Kg1 Nxf5+ 28. Bg2 Ne3 29. Nc3 Nxb4 30. Nce4 Nd3 31. Bc3 Nxf2 0-1


[Site "https://www.chess.com"]

[Event "Titled Tuesday Blitz May 16 Early 2023"]
[White "Roberz12"]
[Black "Joubert, Dantelle"]
[BlackFideId "14310813"]
[WhiteElo "2346"]
[BlackElo "1507"]
[Result "1-0"]
[Round "03"]
[TimeControl "180+2"]
[Date "2023.05.16"]
[WhiteClock "0:00:03"]
[BlackClock "0:00:00"]

1. e4 c5 2. Nf3 d6 3. d4 cxd4 4. Nxd4 Nf6 5. Nc3 g6 6. Be2 Bg7 7. h4 h5 8. Be3 Nc6 9. f3 Bd7 10. Qd2 Qa5 11. Nb3 Qd8 12. O-O-O a6 13. Kb1 Rc8 14. Nd4 Ne5 15. Nd5 Nxd5 16. exd5 Nc4 17. Bxc4 Rxc4 18. Qe2 Qc7 19. Rde1 O-O 20. c3 b5 21. g4 b4 22. gxh5 bxc3 23. Nc2 cxb2 24. hxg6 Bf5 25. gxf7+ Rxf7 26. Rh2 Bxc2+ 27. Qxc2 Rxc2 28. Rxc2 Qa5 29. Rg1 Kh7 30. Bd2 Qb5 31. f4 Qd3 32. Re1 e5 33. Re3 Qf1+ 34. Re1 Qd3 35. Re3 Qf1+ 36. Re1 Qf3 37. Kxb2 exf4+ 38. Kc1 Qxd5 39. Rg1 f3 40. Rg5 Bh6 41. Rxd5 f2 42. Bxh6 f1=Q+ 43. Rd1 1-0


[Site "https://www.chess.com"]

[Event "Titled Tuesday Blitz May 16 Early 2023"]
[White "Barbot, Pierre"]
[Black "White, John S."]
[WhiteFideId "663727"]
[BlackFideId "2502348"]
[WhiteElo "2431"]
[BlackElo "2017"]
[Result "1-0"]
[Round "03"]
[TimeControl "180+2"]
[Date "2023.05.16"]
[WhiteClock "0:00:25"]
[BlackClock "0:00:07"]

1. d4 e6 2. Nc3 d5 3. Bf4 Bd6 4. Bxd6 Qxd6 5. e3 Nf6 6. Nf3 a6 7. Bd3 Nc6 8. O-O O-O 9. e4 dxe4 10. Nxe4 Nxe4 11. Bxe4 h6 12. c3 Bd7 13. Bc2 Rad8 14. Qd3 f5 15. Rfe1 Be8 16. Qe3 Bh5 17. Qxe6+ Qxe6 18. Rxe6 Bxf3 19. gxf3 Rfe8 20. Rae1 Rf8 21. f4 Kh8 22. Kg2 Rd5 23. Kf3 Na5 24. b3 Rd7 25. Re7 Rxe7 26. Rxe7 c6 27. Re5 b6 28. Rxf5 Re8 29. Re5 Rd8 30. Bg6 Nb7 31. Re8+ Rxe8 32. Bxe8 c5 33. Bc6 Nd6 34. dxc5 bxc5 35. Bd7 Kg8 36. f5 Kf7 37. Ke3 Kf6 38. Kd3 Nxf5 39. Bxf5 Kxf5 40. b4 cxb4 41. cxb4 Kf4 42. a4 Kf3 43. b5 axb5 44. axb5 Kxf2 45. b6 g5 46. b7 Kg2 47. b8=Q g4 48. Qg3+ Kf1 1-0


[Site "https://www.chess.com"]

[Event "Titled Tuesday Blitz May 16 Early 2023"]
[White "Castillo Pena, Patricia Evarista"]
[Black "Dishman, Stephen"]
[WhiteFideId "6412106"]
[BlackFideId "403024"]
[WhiteElo "1919"]
[BlackElo "2204"]
[Result "0-1"]
[Round "03"]
[TimeControl "180+2"]
[Date "2023.05.16"]
[WhiteClock "0:00:01"]
[BlackClock "0:00:47"]

1. d4 d5 2. Nf3 Nf6 3. e3 Bf5 4. c4 c6 5. Qb3 Qb6 6. c5 Qc7 7. Nc3 Nbd7 8. Bd2 e6 9. Rc1 h6 10. Qd1 b6 11. b4 bxc5 12. bxc5 Be7 13. Qa4 O-O 14. Be2 a5 15. O-O Ne4 16. Nxe4 Bxe4 17. Bc3 Bf6 18. Nd2 Bg6 19. Nb3 Bd8 20. Rfd1 f6 21. Bg4 Re8 22. Nd2 Bd3 23. e4 dxe4 24. Nc4 f5 25. Bh5 Rf8 26. Rxd3 exd3 27. Nd6 Nf6 28. Bf3 Nd5 29. Qb3 Be7 30. Nc4 Rfb8 31. Qd1 Qf4 32. Bxd5 exd5 33. Ne5 Rc8 34. Bd2 Qxd4 35. Be3 Qxe5 0-1


[Site "https://www.chess.com"]

[Event "Titled Tuesday Blitz May 16 Early 2023"]
[White "drdaro"]
[Black "Lohani, Sujana"]
[BlackFideId "12311987"]
[WhiteElo "2337"]
[BlackElo "1718"]
[Result "1-0"]
[Round "03"]
[TimeControl "180+2"]
[Date "2023.05.16"]
[WhiteClock "0:00:46"]
[BlackClock "0:00:00"]

1. Nc3 g6 2. h4 h5 3. e4 Bg7 4. d3 c6 5. Be2 d5 6. Nf3 Nf6 7. Bg5 O-O 8. Qd2 dxe4 9. dxe4 Qb6 10. O-O-O Nxe4 11. Qe3 Qxe3+ 12. fxe3 Nxc3 13. bxc3 Re8 14. Kb2 Bg4 15. Bc4 Nd7 16. Bf4 Nc5 17. Ng5 e6 18. Rdf1 Na4+ 19. Kb3 Nxc3 20. Bd6 f6 21. Kxc3 fxg5+ 22. Kb3 gxh4 23. Rf4 b5 24. Bd3 e5 25. Rf2 e4 26. Be2 Be6+ 27. c4 Rad8 28. Bb4 bxc4+ 29. Kc2 Rd3 30. Bxd3 cxd3+ 31. Kd2 Bxa2 32. Rc1 Bd5 33. Bc3 Rb8 34. Rff1 Bxc3+ 35. Kxc3 Rb3+ 36. Kd4 Kg7 37. Ra1 1-0


[Site "https://www.chess.com"]

[Event "Titled Tuesday Blitz May 16 Early 2023"]
[White "stratacticos"]
[Black "Fajdetic, Hrvoje"]
[BlackFideId "14501945"]
[WhiteElo "1868"]
[BlackElo "2185"]
[Result "0-1"]
[Round "03"]
[TimeControl "180+2"]
[Date "2023.05.16"]
[WhiteClock "0:01:02"]
[BlackClock "0:01:03"]

1. e4 c5 2. b4 e6 3. bxc5 Bxc5 4. d4 Bb6 5. Nf3 d6 6. Bd3 Nc6 7. c3 e5 8. O-O Nf6 9. d5 Ne7 10. h3 Ng6 11. c4 Qe7 12. Nbd2 Nh5 13. Nb3 Nhf4 14. Be3 O-O 15. a4 f5 16. a5 Bc7 17. Nbd2 Nxd3 18. exf5 Bxf5 19. Ng5 Ndf4 20. Nde4 h6 0-1


[Site "https://www.chess.com"]

[Event "Titled Tuesday Blitz May 16 Early 2023"]
[White "Korpics, Zsolt"]
[Black "Vargas, Mauricio"]
[WhiteFideId "705241"]
[BlackFideId "4404572"]
[WhiteElo "2330"]
[BlackElo "1986"]
[Result "1-0"]
[Round "03"]
[TimeControl "180+2"]
[Date "2023.05.16"]
[WhiteClock "0:01:32"]
[BlackClock "0:01:57"]

1. e4 c6 2. Nf3 d5 3. Nc3 dxe4 4. Nxe4 Nf6 5. Qe2 Nxe4 6. Qxe4 Qd5 7. Qh4 e5 8. Bc4 Qc5 9. b4 Qxb4 10. Nxe5 Qe7 11. Bxf7+ Kd8 12. Qxe7+ Bxe7 13. O-O Bf6 14. d4 c5 15. Rd1 cxd4 16. Rxd4+ Ke7 17. Ba3# 1-0


[Site "https://www.chess.com"]

[Event "Titled Tuesday Blitz May 16 Early 2023"]
[White "Nakamura, Hikaru"]
[Black "Tari, Aryan"]
[WhiteFideId "2016192"]
[BlackFideId "1510045"]
[WhiteElo "2885"]
[BlackElo "2571"]
[Result "1-0"]
[Round "04"]
[TimeControl "180+2"]
[Date "2023.05.16"]
[WhiteClock "0:00:29"]
[BlackClock "0:00:01"]

1. Nf3 d5 2. d4 Nf6 3. h3 e6 4. c4 h6 5. Qc2 b6 6. cxd5 exd5 7. Nc3 Bb7 8. Bf4 Bd6 9. e3 a6 10. g3 O-O 11. Bg2 c5 12. Bxd6 Qxd6 13. O-O Nbd7 14. dxc5 bxc5 15. Rfd1 Qe7 16. Rac1 Rfd8 17. Ne1 Nb6 18. Qb3 Rd6 19. a4 Rb8 20. a5 Nc4 21. Nxd5 Nxd5 22. Qxc4 Rbd8 23. Qxc5 Ba8 24. Bxd5 Bxd5 25. Rxd5 1-0


[Site "https://www.chess.com"]

[Event "Titled Tuesday Blitz May 16 Early 2023"]
[White "Firouzja, Alireza"]
[Black "Zakhartsov, Vladimir"]
[WhiteFideId "12573981"]
[BlackFideId "4145097"]
[WhiteElo "2904"]
[BlackElo "2495"]
[Result "0-1"]
[Round "04"]
[TimeControl "180+2"]
[Date "2023.05.16"]
[WhiteClock "0:00:02"]
[BlackClock "0:00:05"]

1. d4 Nf6 2. c4 e6 3. Nf3 d5 4. Bg5 Be7 5. e3 O-O 6. Qc2 Nbd7 7. cxd5 exd5 8. Nc3 c6 9. Bd3 Re8 10. h3 Nf8 11. Bf4 Ne6 12. Be5 g6 13. O-O Ng7 14. Rab1 a5 15. Qb3 Ra7 16. Rbc1 Bf5 17. Be2 Nd7 18. Bg3 Qb6 19. Qxb6 Nxb6 20. Ne5 Nd7 21. Nxd7 Bxd7 22. Na4 Nf5 23. Bh2 Bd8 24. Nc5 Bc8 25. Bd3 Be7 26. Rfe1 Bd6 27. Bxd6 Nxd6 28. f3 Be6 29. b3 Nf5 30. Nxe6 fxe6 31. Kf2 Nd6 32. e4 Kf7 33. g4 a4 34. e5 Nc8 35. b4 Ne7 36. b5 a3 37. Rc3 Ra4 38. Ke3 Rea8 39. Rb1 R8a7 40. h4 Ke8 41. bxc6 bxc6 42. h5 Kf7 43. h6 Rc7 44. Rbc1 Rb7 45. R1c2 Rbb4 46. Rb3 Rxb3 47. axb3 a2 48. bxa4 a1=Q 49. f4 Qxa4 50. Rb2 Qa7 51. Rc2 Qb6 52. Rc3 Qb4 53. Rc2 Qe1+ 54. Kf3 Qh1+ 55. Ke3 Qg1+ 0-1


[Site "https://www.chess.com"]

[Event "Titled Tuesday Blitz May 16 Early 2023"]
[White "Durarbayli, Vasif"]
[Black "Dubov, Daniil"]
[WhiteFideId "13402935"]
[BlackFideId "24126055"]
[WhiteElo "2551"]
[BlackElo "2793"]
[Result "0-1"]
[Round "04"]
[TimeControl "180+2"]
[Date "2023.05.16"]
[WhiteClock "0:00:01"]
[BlackClock "0:01:14"]

1. e4 e5 2. Nf3 Nc6 3. Bb5 a6 4. Ba4 Nf6 5. O-O b5 6. Bb3 Bc5 7. c3 d6 8. d4 Bb6 9. Be3 O-O 10. Nbd2 Bg4 11. dxe5 Nxe5 12. Bxb6 cxb6 13. h3 Bh5 14. a4 bxa4 15. Rxa4 Re8 16. Rd4 Qc7 17. g4 Bg6 18. Nxe5 dxe5 19. Rc4 Qb7 20. Qe2 Rad8 21. Bc2 b5 22. Rb4 Nd5 23. exd5 Bxc2 24. c4 Qe7 25. Rc1 Qxb4 26. Rxc2 bxc4 27. Nxc4 Rxd5 28. Ne3 Rdd8 29. Qxa6 Qe4 30. Qe2 h6 31. Rc4 Rd4 32. Rc7 Red8 33. Kh2 Rd2 34. Qe1 Qf3 35. Rc2 Rxc2 36. Nxc2 Rd1 37. Qe2 Rh1# 0-1


[Site "https://www.chess.com"]

[Event "Titled Tuesday Blitz May 16 Early 2023"]
[White "Bortnyk, Olexandr"]
[Black "Pichot, Alan"]
[WhiteFideId "14120828"]
[BlackFideId "110973"]
[WhiteElo "2734"]
[BlackElo "2573"]
[Result "0-1"]
[Round "04"]
[TimeControl "180+2"]
[Date "2023.05.16"]
[WhiteClock "0:00:35"]
[BlackClock "0:00:08"]

1. d4 d5 2. Nc3 e6 3. e4 Bb4 4. Qd3 dxe4 5. Qxe4 Nf6 6. Qh4 c5 7. Nf3 Nc6 8. dxc5 Bxc3+ 9. bxc3 Qa5 10. Bd2 Qxc5 11. Bd3 b6 12. O-O Bb7 13. Rfe1 Ne7 14. Ne5 Rd8 15. Bg5 Nd7 16. Ng6 fxg6 17. Rxe6 Nf6 18. Bxf6 gxf6 19. Qxf6 Rf8 20. Bb5+ Rd7 21. Bxd7+ Kxd7 22. Rd1+ Ke8 23. Qg7 Qxf2+ 24. Kh1 Qf1+ 25. Rxf1 Rxf1# 0-1


[Site "https://www.chess.com"]

[Event "Titled Tuesday Blitz May 16 Early 2023"]
[White "Galchenko, Matvey"]
[Black "Nihal Sarin"]
[WhiteFideId "24175480"]
[BlackFideId "25092340"]
[WhiteElo "2423"]
[BlackElo "2689"]
[Result "0-1"]
[Round "04"]
[TimeControl "180+2"]
[Date "2023.05.16"]
[WhiteClock "0:00:03"]
[BlackClock "0:00:06"]

1. e4 e5 2. Nf3 Nc6 3. d4 exd4 4. Nxd4 Qf6 5. Nf3 Bb4+ 6. c3 Bc5 7. Bd3 h6 8. O-O d6 9. h3 Nge7 10. Nbd2 Ng6 11. Nc4 O-O 12. Bc2 Nce5 13. Nfxe5 dxe5 14. Ne3 c6 15. Nf5 Rd8 16. Qg4 Kh7 17. Qg3 Be6 18. Be3 Bxe3 19. fxe3 Rd2 20. Rf2 Rad8 21. Raf1 Qg5 22. Qxg5 hxg5 23. a3 R2d7 24. g3 Bc4 25. Rc1 Rd2 26. h4 Rxf2 27. Kxf2 Rd2+ 28. Kg1 gxh4 29. gxh4 Be6 30. h5 Bxf5 31. exf5 Nh4 32. Be4 Kh6 33. b4 Kxh5 34. Kh1 Re2 35. Rd1 Rxe3 36. Bb1 Rh3+ 37. Kg1 Rxc3 38. Kf2 Kg5 39. Rd7 Rb3 40. Be4 Kf4 41. Bd3 e4 42. Be2 Rb1 43. Rd4 Nxf5 44. Rc4 Rb2 45. Ke1 Ng3 46. Bd1 f5 47. Rc5 Rh2 48. Rc3 g5 49. b5 cxb5 50. Rb3 Rh1+ 51. Kd2 e3+ 52. Kc1 e2 53. Rb4+ Ne4 0-1


[Site "https://www.chess.com"]

[Event "Titled Tuesday Blitz May 16 Early 2023"]
[White "Bharath Subramaniyam H"]
[Black "Mamedyarov, Shakhriyar"]
[WhiteFideId "46634827"]
[BlackFideId "13401319"]
[WhiteElo "2400"]
[BlackElo "2704"]
[Result "0-1"]
[Round "04"]
[TimeControl "180+2"]
[Date "2023.05.16"]
[WhiteClock "0:00:00"]
[BlackClock "0:00:05"]

1. c4 Nf6 2. Nc3 e5 3. Nf3 Nc6 4. e3 Bb4 5. Qc2 d6 6. Be2 O-O 7. O-O h6 8. d4 exd4 9. exd4 Re8 10. h3 d5 11. c5 Bxc3 12. bxc3 Bf5 13. Qxf5 Rxe2 14. Be3 Ne4 15. c4 Ne7 16. Qe5 c6 17. cxd5 cxd5 18. Rfe1 Nc6 19. Qf5 Rb2 20. Reb1 Rxb1+ 21. Rxb1 b6 22. Rc1 Ne7 23. Qe5 Rc8 24. Nd2 Nc6 25. Qf4 Nf6 26. Qf5 Ne7 27. Qd3 Qd7 28. Qa6 Nf5 29. Nf3 Nxe3 30. fxe3 bxc5 31. dxc5 Qe8 32. Qd3 Ne4 33. Qxd5 Nxc5 34. Qd4 Qf8 35. Ne5 a6 36. Qc3 Rc7 37. Qa5 Qe7 38. Nc4 Ne6 39. Qd2 Qc5 40. Rc2 Qb5 0-1


[Site "https://www.chess.com"]

[Event "Titled Tuesday Blitz May 16 Early 2023"]
[White "Sychev, Klementy"]
[Black "Andreikin, Dmitry"]
[WhiteFideId "4114060"]
[BlackFideId "4158814"]
[WhiteElo "2583"]
[BlackElo "2736"]
[Result "1/2-1/2"]
[Round "04"]
[TimeControl "180+2"]
[Date "2023.05.16"]
[WhiteClock "0:00:03"]
[BlackClock "0:00:20"]

1. e4 e6 2. d4 d5 3. e5 c5 4. c3 Nc6 5. Nf3 Qb6 6. Bd3 Bd7 7. dxc5 Qc7 8. O-O Nxe5 9. Nxe5 Qxe5 10. b4 a5 11. Re1 Qf6 12. Be3 Ne7 13. Na3 Qxc3 14. Nb5 Bxb5 15. Bxb5+ Nc6 16. Bd4 Qxb4 17. Rb1 Qa3 18. Re3 Qxa2 19. Ra1 Qxa1 20. Qxa1 Be7 21. Bxg7 Rg8 22. Bd4 a4 23. Bxa4 Kf8 24. Ra3 Nxd4 25. Qxd4 b5 26. cxb6 Bxa3 27. Bc6 Ra6 28. b7 Bd6 29. Ba4 Ke7 30. g3 Rb8 31. Qh4+ Kf8 32. Bd7 Rxb7 33. Qd8+ Kg7 34. Qg5+ Kf8 35. Bc8 Rb1+ 36. Kg2 Rab6 37. Qd8+ Kg7 38. Qg5+ Kf8 39. Qd8+ Kg7 40. Qg5+ Kf8 1/2-1/2


[Site "https://www.chess.com"]

[Event "Titled Tuesday Blitz May 16 Early 2023"]
[White "Erigaisi Arjun"]
[Black "Rodshtein, Maxim"]
[WhiteFideId "35009192"]
[BlackFideId "2806851"]
[WhiteElo "2719"]
[BlackElo "2555"]
[Result "1-0"]
[Round "04"]
[TimeControl "180+2"]
[Date "2023.05.16"]
[WhiteClock "0:00:38"]
[BlackClock "0:00:02"]

1. c4 g6 2. g3 Bg7 3. Bg2 c5 4. Nc3 Nc6 5. d3 d6 6. Qd2 Qd7 7. b3 b6 8. Bb2 Bb7 9. Nf3 Nd4 10. e4 Nxf3+ 11. Bxf3 Nf6 12. O-O-O e5 13. Bg2 h5 14. f4 h4 15. Nd5 Bxd5 16. cxd5 Qg4 17. Qf2 hxg3 18. hxg3 Rxh1 19. Rxh1 Nh5 20. fxe5 Bxe5 21. Bxe5 dxe5 22. Bf3 Qg5+ 23. Kd1 Ke7 24. Bxh5 gxh5 25. Qf3 Rh8 26. Rh4 Rh6 27. Ke2 Qc1 28. Qe3 Qc2+ 29. Qd2 Qxd2+ 30. Kxd2 f6 31. g4 Rg6 32. gxh5 Rg2+ 33. Ke3 f5 34. exf5 1-0


[Site "https://www.chess.com"]

[Event "Titled Tuesday Blitz May 16 Early 2023"]
[White "Makarian, Rudik"]
[Black "Lobanov, Sergei"]
[WhiteFideId "44105681"]
[BlackFideId "24183750"]
[WhiteElo "2461"]
[BlackElo "2501"]
[Result "0-1"]
[Round "04"]
[TimeControl "180+2"]
[Date "2023.05.16"]
[WhiteClock "0:00:01"]
[BlackClock "0:00:12"]

1. d4 Nf6 2. c4 e6 3. Nf3 d5 4. Nc3 Bb4 5. Qa4+ Nc6 6. Bd2 O-O 7. a3 Bxc3 8. Bxc3 Ne4 9. e3 Re8 10. Qc2 Qf6 11. Rc1 h6 12. Bd3 Nxc3 13. Qxc3 dxc4 14. Bxc4 e5 15. d5 Nd4 16. Nd2 Qg6 17. Kf1 Nf5 18. Bd3 Bd7 19. h3 h5 20. Kg1 c6 21. Kh2 cxd5 22. Qb3 Bc6 23. Rhg1 e4 24. Be2 d4 25. exd4 e3 26. Rxc6 bxc6 27. fxe3 Rxe3 28. Qc4 Qd6+ 29. g3 Nxg3 30. Bf3 Nf1+ 0-1


[Site "https://www.chess.com"]